[Event "Titled Tuesday Blitz August 1 Late 2023"]
[White "Balla, Tamas-Kristof"]
[Black "Grinev, Valeriy"]
[WhiteFideId "1208497"]
[BlackFideId "14117517"]
[WhiteElo "2369"]
[BlackElo "2523"]
[Result "1/2-1/2"]
[Round "8"]
[TimeControl "180+1"]
[Date "2023.08.01"]
[WhiteClock "0:00:14"]
[BlackClock "0:02:12"]
[Board "82"]

1. e4 c5 2. c3 Nf6 3. e5 Nd5 4. d4 cxd4 5. Nf3 Nc6 6. cxd4 d6 7. Bc4 dxe5 8. dxe5 Be6 9. O-O g6 10. Ng5 Bg7 11. Nxe6 fxe6 12. f4 O-O 13. Kh1 Kh8 14. Qe2 Nd4 15. Qe4 Qb6 16. Bxd5 exd5 17. Qd3 e6 18. Be3 Bxe5 19. fxe5 Rxf1+ 20. Qxf1 Qxb2 21. Qf6+ Kg8 22. Bh6 Nf5 23. Qxe6+ Kh8 24. Qf6+ Kg8 25. Qe6+ Kh8 26. Qf6+ Kg8 27. Qe6+ 1/2-1/2


[Site "https://www.chess.com"]

[Event "Titled Tuesday Blitz August 1 Late 2023"]
[White "Fiorito, Francisco"]
[Black "Spichkin, Alexander"]
[WhiteFideId "180165"]
[BlackFideId "4144074"]
[WhiteElo "2519"]
[BlackElo "2367"]
[Result "1-0"]
[Round "8"]
[TimeControl "180+1"]
[Date "2023.08.01"]
[WhiteClock "0:00:24"]
[BlackClock "0:00:11"]
[Board "83"]

1. a3 e6 2. b4 f5 3. Bb2 Nf6 4. c4 Be7 5. Nf3 O-O 6. e3 d6 7. d4 Qe8 8. Nc3 Ne4 9. Bd3 Qg6 10. Rg1 Nd7 11. Qc2 Ndf6 12. Nd2 Nxd2 13. Qxd2 b6 14. f3 Bb7 15. O-O-O e5 16. Rdf1 Rad8 17. g4 e4 18. gxf5 Qxf5 19. fxe4 Qh3 20. Rg3 Qh6 21. Rfg1 Nh5 22. R3g2 Rf3 23. Be2 Rf7 24. Bg4 Bc8 25. Nd5 Bxg4 26. Rxg4 Nf6 27. Nxf6+ Bxf6 28. Kc2 Rdf8 29. R1g2 Qh3 30. e5 dxe5 31. dxe5 Be7 32. e6 Rf6 33. Rxg7+ Kh8 34. Rxe7 Qf5+ 35. Qd3 h5 36. Qxf5 1-0


[Site "https://www.chess.com"]

[Event "Titled Tuesday Blitz August 1 Late 2023"]
[White "Vovk, Orest"]
[Black "Elissalt Cardenas, Hector"]
[WhiteFideId "14113490"]
[BlackFideId "3500632"]
[WhiteElo "2513"]
[BlackElo "2361"]
[Result "1-0"]
[Round "8"]
[TimeControl "180+1"]
[Date "2023.08.01"]
[WhiteClock "0:00:28"]
[BlackClock "0:00:06"]
[Board "84"]

1. h4 h5 2. Nf3 Nf6 3. Ng5 Nc6 4. e4 e5 5. Bc4 d5 6. exd5 Nxd5 7. Nxf7 Kxf7 8. Qf3+ Ke6 9. Nc3 Ne7 10. Ne4 c6 11. d4 Kd7 12. dxe5 g6 13. Bg5 Qa5+ 14. c3 Kc7 15. O-O-O Be6 16. Nd6 Nf5 17. Nxf5 gxf5 18. Bxd5 cxd5 19. Bf6 Rh7 20. Qg3 Rc8 21. Qg6 Rd7 22. Bg5 Bf7 23. Qxf5 Qxa2 24. e6 Bxe6 25. Qxe6 Rd6 26. Bf4 Kb6 27. Qe3+ Ka6 28. Bxd6 Bxd6 29. Kc2 Qa4+ 30. Kb1 Qb3 31. Qd3+ b5 32. Qxd5 1-0


[Site "https://www.chess.com"]

[Event "Titled Tuesday Blitz August 1 Late 2023"]
[White "Slavin, Alexey"]
[Black "Zhang, Derek"]
[WhiteFideId "24104388"]
[BlackFideId "2087871"]
[WhiteElo "2356"]
[BlackElo "2511"]
[Result "0-1"]
[Round "8"]
[TimeControl "180+1"]
[Date "2023.08.01"]
[WhiteClock "0:00:00"]
[BlackClock "0:00:02"]
[Board "85"]

1. e4 e6 2. Nf3 d5 3. e5 c5 4. b4 b6 5. a3 Qd7 6. c3 Ba6 7. d4 Bxf1 8. Kxf1 a5 9. bxc5 bxc5 10. Kg1 Ne7 11. h3 Nec6 12. Kh2 a4 13. Re1 Be7 14. Be3 c4 15. Nbd2 Na5 16. Bg5 Nbc6 17. Qxa4 O-O 18. Qc2 Rfb8 19. Reb1 Bf8 20. Be3 Rxb1 21. Qxb1 Rb8 22. Qc2 Nb3 23. Ra2 Nca5 24. Nf1 Nc6 25. Ng5 g6 26. Nf3 Na7 27. a4 Nc8 28. Bg5 Ra8 29. a5 Rxa5 30. Rxa5 Nxa5 31. h4 Qb5 32. h5 Qb3 33. Qd2 Qb1 34. Ne3 Nb3 35. Qc2 Qxc2 36. Nxc2 gxh5 37. Bd8 Na7 38. Kg3 Nb5 39. Kh4 Nxc3 40. Kxh5 Ne4 41. g4 Nxf2 42. g5 Ne4 43. Bf6 Nbd2 44. Nh2 c3 45. Ng4 Nf3 46. Nh6+ Bxh6 47. gxh6 Ned2 48. Be7 Nb3 49. Bb4 Nbxd4 50. Nxd4 Nxd4 51. Bxc3 Nf3 52. Kg4 Ng1 53. Bd4 Ne2 54. Be3 Nc3 55. Bd4 Nb5 56. Bc5 Nc7 57. Kf4 Na6 58. Bd4 Nb8 59. Bc5 Nd7 60. Bd6 f6 61. exf6 Nxf6 62. Ke5 Kf7 63. Kd4 Ng4 64. Bf4 Kg6 65. Bd2 Kf5 66. Bc1 Kg6 67. Bd2 Nxh6 68. Ke5 Nf5 69. Kxe6 d4 70. Ke5 h5 71. Ke4 h4 72. Bf4 h3 73. Bh2 Nh4 74. Bg3 Kh5 75. Kxd4 Nf5+ 0-1


[Site "https://www.chess.com"]

[Event "Titled Tuesday Blitz August 1 Late 2023"]
[White "Ortega Amarelle, Mariano"]
[Black "Kostiukov, Alexandr"]
[WhiteFideId "3504301"]
[BlackFideId "14108100"]
[WhiteElo "2507"]
[BlackElo "2353"]
[Result "1-0"]
[Round "8"]
[TimeControl "180+1"]
[Date "2023.08.01"]
[WhiteClock "0:00:09"]
[BlackClock "0:00:00"]
[Board "86"]

1. Nf3 c5 2. b3 g6 3. Bb2 Nf6 4. Bxf6 exf6 5. c4 Bg7 6. Nc3 f5 7. e3 O-O 8. Be2 Nc6 9. O-O Ne7 10. d4 d6 11. Qd2 b6 12. Ne1 Bb7 13. Bf3 Rb8 14. Bxb7 Rxb7 15. Nf3 Rd7 16. d5 Kh8 17. Rab1 Ng8 18. e4 fxe4 19. Nxe4 h6 20. h4 Re8 21. Qf4 f5 22. Ng3 Be5 23. Nxe5 Rxe5 24. Rbe1 Rde7 25. Rxe5 Rxe5 26. h5 g5 27. Qf3 f4 28. Ne4 Qe7 29. Nc3 Nf6 30. g3 Qg7 31. Kg2 Qf7 32. Rh1 Rf5 33. Re1 g4 34. Qd3 f3+ 35. Kg1 Qxh5 36. Re7 Kg8 37. Ne4 1-0


[Site "https://www.chess.com"]

[Event "Titled Tuesday Blitz August 1 Late 2023"]
[White "Altman, Joshua"]
[Black "Topalov, Aleksandar"]
[WhiteFideId "426210"]
[BlackFideId "925659"]
[WhiteElo "2506"]
[BlackElo "2352"]
[Result "1-0"]
[Round "8"]
[TimeControl "180+1"]
[Date "2023.08.01"]
[WhiteClock "0:02:31"]
[BlackClock "0:01:40"]
[Board "87"]

1. Nf3 f5 2. d4 Nf6 3. Nc3 d5 4. Bg5 e6 5. e3 Bd6 6. Bd3 O-O 7. O-O b6 8. Ne2 Ba6 9. Bxa6 Nxa6 10. Rc1 c6 11. c4 Nc7 12. c5 bxc5 13. dxc5 Be7 14. Ned4 Qd7 15. Ne5 Qe8 16. Nexc6 h6 17. Bf4 1-0


[Site "https://www.chess.com"]

[Event "Titled Tuesday Blitz August 1 Late 2023"]
[White "Droin, Augustin"]
[Black "Kujawski, Adam"]
[WhiteFideId "45105987"]
[BlackFideId "1100920"]
[WhiteElo "2500"]
[BlackElo "2350"]
[Result "1-0"]
[Round "8"]
[TimeControl "180+1"]
[Date "2023.08.01"]
[WhiteClock "0:00:39"]
[BlackClock "0:00:00"]
[Board "88"]

1. e4 e5 2. Nf3 Nc6 3. Bb5 a6 4. Ba4 Nf6 5. O-O Be7 6. Re1 b5 7. Bb3 O-O 8. a4 b4 9. c3 a5 10. d4 d6 11. d5 Nb8 12. cxb4 axb4 13. Nbd2 c5 14. dxc6 Nxc6 15. Nc4 Be6 16. Bg5 Qb8 17. Rc1 Rc8 18. Bxf6 gxf6 19. Ne3 Na5 20. Bxe6 fxe6 21. Nh4 Rxc1 22. Qg4+ Kh8 23. Rxc1 Qg8 24. Qxg8+ Kxg8 25. Rc7 Kf8 26. Kf1 f5 27. exf5 Bxh4 28. Rxh7 Bf6 29. Ng4 Bg7 30. f6 Bxf6 31. Nxf6 Ra6 32. g4 Nb3 33. g5 Nd2+ 34. Kg2 1-0


[Site "https://www.chess.com"]

[Event "Titled Tuesday Blitz August 1 Late 2023"]
[White "Zilleruelo Irizarry, Diego"]
[Black "Sanhueza, Cristian"]
[WhiteFideId "3101460"]
[BlackFideId "116815"]
[WhiteElo "2342"]
[BlackElo "2477"]
[Result "0-1"]
[Round "8"]
[TimeControl "180+1"]
[Date "2023.08.01"]
[WhiteClock "0:00:00"]
[BlackClock "0:00:02"]
[Board "89"]

1. e4 c5 2. Nf3 d6 3. d4 cxd4 4. Qxd4 Nc6 5. Qe3 Nf6 6. Be2 e5 7. h3 Be7 8. O-O O-O 9. Rd1 Be6 10. c4 Nb4 11. Qd2 a5 12. Nc3 Na6 13. Qe3 Nb4 14. Rd2 Qc8 15. a3 Na6 16. Nd5 Bxd5 17. exd5 a4 18. Rc2 Nc5 19. Bd2 Nfe4 20. Bb4 f5 21. Bd3 Bf6 22. Bxe4 Nxe4 23. c5 dxc5 24. Bxc5 b6 25. Bxf8 Qxc2 26. Rc1 Qxb2 27. Bb4 f4 28. Qe1 Ng5 29. Nxg5 Bxg5 30. Rc7 Bf6 31. d6 Rd8 32. Qe4 Qd4 33. Qb7 Qd1+ 34. Kh2 f3 35. g3 Qe2 36. Kg1 e4 0-1


[Site "https://www.chess.com"]

[Event "Titled Tuesday Blitz August 1 Late 2023"]
[White "Vasques, Antonio Pedro Freixial"]
[Black "Gaal, Zsoka"]
[WhiteFideId "1908332"]
[BlackFideId "777765"]
[WhiteElo "2328"]
[BlackElo "2455"]
[Result "0-1"]
[Round "8"]
[TimeControl "180+1"]
[Date "2023.08.01"]
[WhiteClock "0:02:08"]
[BlackClock "0:01:55"]
[Board "90"]

1. e4 c6 2. d4 g6 3. f4 d5 4. e5 h5 5. Bd3 Nh6 6. c4 Bf5 7. Nf3 e6 8. Nc3 Be7 9. Be3 h4 10. cxd5 cxd5 11. Qb3 Bxd3 0-1


[Site "https://www.chess.com"]

[Event "Titled Tuesday Blitz August 1 Late 2023"]
[White "Lopez Gracia, Fernando"]
[Black "Rios Escobar, Adan"]
[WhiteFideId "2207184"]
[BlackFideId "3403645"]
[WhiteElo "2323"]
[BlackElo "2454"]
[Result "0-1"]
[Round "8"]
[TimeControl "180+1"]
[Date "2023.08.01"]
[WhiteClock "0:00:46"]
[BlackClock "0:00:10"]
[Board "91"]

1. e4 c5 2. Nf3 d6 3. d4 cxd4 4. Nxd4 Nf6 5. Nc3 a6 6. Bd3 e5 7. Nde2 Be7 8. O-O Be6 9. Ng3 Nc6 10. h3 Rc8 11. a3 g6 12. Bh6 Bf8 13. Bg5 h6 14. Bxf6 Qxf6 15. Nd5 Qd8 16. c4 h5 17. Kh2 h4 18. Ne2 Bh6 19. f4 exf4 20. Nexf4 Ne5 21. b3 O-O 22. Qe2 Qg5 23. Rae1 b5 24. cxb5 axb5 25. Bxb5 Qg3+ 26. Kh1 Bxd5 27. Nxd5 Rc3 28. Nxc3 Qxc3 29. Bc4 Qg3 30. Rf3 Nxf3 31. Qxf3 Qxf3 32. gxf3 Bf4 33. a4 Ra8 34. Ra1 Be5 35. b4 Bxa1 36. a5 Bc3 37. a6 Bxb4 38. Kg2 Bc5 39. Kf1 Kg7 40. Ke2 Ra7 41. Kd3 Kf6 42. Bb5 Ke5 43. Kc4 Kf4 44. Bc6 Kxf3 45. e5+ Kf4 46. exd6 Bxd6 47. Kd5 Be5 48. Bb7 f5 49. Kc6 g5 50. Kb6 Bd4+ 51. Kb5 Be3 52. Bc8 g4 53. hxg4 fxg4 54. Kc4 h3 55. Kd3 h2 56. Bb7 g3 57. Ke2 Bd4 58. Kf1 Be5 59. Kg2 Bd6 60. Kh1 Ke3 61. Kg2 Ke2 62. Kh1 Kf2 63. Bc8 Be5 64. Bb7 Rxb7 65. axb7 g2# 0-1


[Site "https://www.chess.com"]

[Event "Titled Tuesday Blitz August 1 Late 2023"]
[White "Ardila, Oscar Humberto"]
[Black "Urbina Perez, Juan Antonio"]
[WhiteFideId "4404742"]
[BlackFideId "2217368"]
[WhiteElo "2319"]
[BlackElo "2450"]
[Result "1-0"]
[Round "8"]
[TimeControl "180+1"]
[Date "2023.08.01"]
[WhiteClock "0:00:33"]
[BlackClock "0:00:35"]
[Board "92"]

1. d4 d5 2. Nf3 Nf6 3. g3 c6 4. Bg2 Bf5 5. O-O e6 6. c3 h6 7. Nbd2 Nbd7 8. Re1 Ne4 9. Nxe4 Bxe4 10. b3 Bd6 11. Bb2 O-O 12. Rc1 Qe7 13. Qd2 Ba3 14. Bxa3 Qxa3 15. Nh4 Bxg2 16. Nxg2 c5 17. e3 Rac8 18. Nf4 Rc7 19. Nd3 Rfc8 20. h4 cxd4 21. exd4 Nf6 22. f3 Qd6 23. Ne5 Nd7 24. f4 Nf6 25. c4 b6 26. Qe3 dxc4 27. bxc4 Rd8 28. Red1 Nd7 29. Kh2 Nxe5 30. fxe5 Qb4 31. Qe2 Rcd7 32. Qf2 Qe7 33. Rd3 f5 34. Rcd1 g5 35. d5 gxh4 36. gxh4 exd5 37. cxd5 Qxe5+ 38. Kh1 Rxd5 39. Qg2+ Kh7 40. Rxd5 Rxd5 41. Qxd5 Qg3 42. Qxf5+ Kh8 43. Qf6+ 1-0


[Site "https://www.chess.com"]

[Event "Titled Tuesday Blitz August 1 Late 2023"]
[White "Gabdushev, Ruslan"]
[Black "Harish, Neeraj"]
[WhiteFideId "4137833"]
[BlackFideId "30958130"]
[WhiteElo "2441"]
[BlackElo "2313"]
[Result "0-1"]
[Round "8"]
[TimeControl "180+1"]
[Date "2023.08.01"]
[WhiteClock "0:00:18"]
[BlackClock "0:01:28"]
[Board "93"]

1. c4 Nf6 2. g3 g6 3. Bg2 Bg7 4. e4 e5 5. Nc3 d6 6. Nge2 O-O 7. d3 c5 8. h3 Nc6 9. Rb1 Rb8 10. a3 a6 11. b4 cxb4 12. axb4 b5 13. cxb5 axb5 14. Be3 Be6 15. O-O d5 16. Bc5 Re8 17. exd5 Nxd5 18. Ne4 Bf8 19. Qc1 Bxc5 20. bxc5 b4 21. Qh6 f5 22. Nd6 Re7 23. f4 Nd4 24. Nxd4 exd4 25. Bxd5 Bxd5 26. Rfe1 b3 27. g4 b2 28. Kf2 Rxe1 29. Rxe1 b1=Q 30. Rxb1 Rxb1 31. gxf5 Rb2+ 32. Kf1 Qa5 0-1


[Site "https://www.chess.com"]

[Event "Titled Tuesday Blitz August 1 Late 2023"]
[White "Pein, Malcolm"]
[Black "Sathish, Pranav"]
[WhiteFideId "400289"]
[BlackFideId "30967538"]
[WhiteElo "2302"]
[BlackElo "2436"]
[Result "0-1"]
[Round "8"]
[TimeControl "180+1"]
[Date "2023.08.01"]
[WhiteClock "0:00:00"]
[BlackClock "0:01:15"]
[Board "94"]

1. d4 d5 2. c4 c6 3. Nf3 Nf6 4. Nc3 dxc4 5. e4 b5 6. e5 Nd5 7. Be2 Bb7 8. Ng5 e6 9. O-O Be7 10. Nce4 h6 11. Nf3 O-O 12. Re1 Nd7 13. a3 c5 14. a4 a6 15. Qc2 cxd4 16. Nxd4 Qb6 17. Nf3 Nc5 18. Nd6 Bxd6 19. a5 Qd8 20. exd6 Nb3 21. Rb1 Qxd6 22. Qe4 Nc5 23. Qg4 Nf6 24. Qh4 Be4 25. Bxh6 Bxb1 26. Rxb1 gxh6 27. Qxf6 Kh7 28. Bd1 Qd8 29. Qe5 Nd3 30. Bc2 Qd5 31. Qg3 Rg8 32. Qh3 Rg6 33. Rd1 Rag8 34. Nh4 Qh5 0-1


[Site "https://www.chess.com"]

[Event "Titled Tuesday Blitz August 1 Late 2023"]
[White "Carrasco Miranda, Andres"]
[Black "Sala, Giulia"]
[WhiteFideId "3405990"]
[BlackFideId "2840451"]
[WhiteElo "2434"]
[BlackElo "2290"]
[Result "0-1"]
[Round "8"]
[TimeControl "180+1"]
[Date "2023.08.01"]
[WhiteClock "0:00:00"]
[BlackClock "0:00:54"]
[Board "95"]

1. d4 g6 2. Nf3 Bg7 3. g3 Nf6 4. Bg2 O-O 5. O-O d6 6. a4 Nc6 7. a5 a6 8. d5 Ne5 9. Nxe5 dxe5 10. c4 Rb8 11. Nc3 e6 12. Be3 exd5 13. cxd5 Ne8 14. Ba7 Ra8 15. Bc5 Nd6 16. e4 Re8 17. f4 exf4 18. gxf4 Bxc3 19. bxc3 Nxe4 20. Bb4 Bf5 21. c4 Qh4 22. Ra3 Nf6 23. Qd4 Re2 24. Bc3 Rae8 25. Rf2 Bh3 26. Ra2 Rxa2 27. Rxa2 Bxg2 28. Kxg2 Qg4+ 29. Kf1 Qf3+ 0-1


[Site "https://www.chess.com"]

[Event "Titled Tuesday Blitz August 1 Late 2023"]
[White "FuenfgegenWilly"]
[Black "Thiel, Thomas"]
[BlackFideId "4615964"]
[WhiteElo "2431"]
[BlackElo "2279"]
[Result "1-0"]
[Round "8"]
[TimeControl "180+1"]
[Date "2023.08.01"]
[WhiteClock "0:00:36"]
[BlackClock "0:00:00"]
[Board "96"]

1. e4 d5 2. exd5 Nf6 3. Nc3 Nxd5 4. Bc4 Nb6 5. Bb3 Nc6 6. Nf3 Bf5 7. h3 e6 8. d3 Be7 9. a4 a5 10. Nb5 O-O 11. Bf4 Rc8 12. Qe2 Nd5 13. Bd2 Bf6 14. c3 Nce7 15. g4 Bg6 16. g5 c6 17. gxf6 Nxf6 18. Nbd4 c5 19. Nb5 Bxd3 20. Qe3 c4 21. Bd1 Ned5 22. Qg5 h6 23. Qg3 Ne4 24. Qe5 Rc5 25. Rg1 Ndf6 26. Qf4 Nxd2 27. Nxd2 Kh8 28. Bf3 Rf5 29. Qg3 g6 30. Nd4 Rg5 31. Qh2 Qb8 32. Qh1 Qe5+ 33. Kd1 Qf4 34. Rxg5 hxg5 35. Be2 e5 36. Bxd3 cxd3 37. Nb5 Qxf2 38. Qf1 Qb6 39. Qxd3 Rd8 40. Qe2 e4 41. Kc2 e3 42. Nc4 Qe6 43. Nd4 Qe4+ 44. Qd3 Qg2+ 45. Kb3 Nd5 46. Re1 Qxh3 47. Nxe3 1-0


[Site "https://www.chess.com"]

[Event "Titled Tuesday Blitz August 1 Late 2023"]
[White "Kirillov, Dmitry"]
[Black "Kula, Robert"]
[WhiteFideId "34180572"]
[BlackFideId "1101218"]
[WhiteElo "2429"]
[BlackElo "2260"]
[Result "1-0"]
[Round "8"]
[TimeControl "180+1"]
[Date "2023.08.01"]
[WhiteClock "0:01:28"]
[BlackClock "0:00:00"]
[Board "97"]

1. d4 d5 2. Nf3 Nf6 3. c4 c6 4. e3 g6 5. Nc3 Bg7 6. cxd5 cxd5 7. Be2 O-O 8. O-O Nc6 9. b3 Re8 10. Bb2 a6 11. Rc1 Bg4 12. h3 Bxf3 13. Bxf3 e6 14. Na4 Nd7 15. Qd2 f5 16. Rc2 g5 17. Ba3 Nf6 18. Be2 Ne4 19. Qc1 Rc8 20. Bh5 Qf6 21. Bxe8 Rxe8 22. Rxc6 bxc6 23. Qxc6 Qg6 24. Qxa6 g4 25. h4 g3 26. f3 Qf6 27. Qc6 Kf7 28. Qd7+ Kg6 29. Qxe8+ Kh6 30. fxe4 Qxh4 31. Qxe6+ Bf6 32. Bf8+ Kg6 33. Qxf5+ Kf7 34. Qxf6+ Qxf6 35. Rxf6+ Kxf6 36. exd5 1-0


[Site "https://www.chess.com"]

[Event "Titled Tuesday Blitz August 1 Late 2023"]
[White "Ingunza Curro, Andres"]
[Black "UgarteCesar"]
[WhiteFideId "24526371"]
[WhiteElo "2429"]
[BlackElo "2242"]
[Result "1-0"]
[Round "8"]
[TimeControl "180+1"]
[Date "2023.08.01"]
[WhiteClock "0:00:22"]
[BlackClock "0:00:21"]
[Board "98"]

1. e4 c5 2. b3 Nc6 3. Bb2 e5 4. Bc4 g6 5. f4 d6 6. Nf3 Bg7 7. O-O Nge7 8. f5 gxf5 9. Ng5 d5 10. exd5 Na5 11. Qh5 Ng6 12. Nc3 Nxc4 13. bxc4 h6 14. Ne6 Bxe6 15. dxe6 O-O 16. exf7+ Kh7 17. Nd5 Rxf7 18. Rxf5 Rxf5 19. Qxf5 Qg5 20. Qxg5 hxg5 21. d3 Nf4 22. Nxf4 gxf4 23. Re1 Re8 24. Kf2 Kg6 25. Kf3 Kf5 26. g4+ fxg3 27. hxg3 Rh8 28. g4+ Ke6 29. Kg3 Bf6 30. g5 Bg7 31. a4 b6 32. a5 Rh5 33. axb6 axb6 34. Kg4 Rh2 35. Ba1 Rxc2 36. Kh5 Rd2 37. Kg6 Bh8 38. Rh1 Bf6 39. gxf6 Rg2+ 40. Kh5 Kxf6 41. Re1 Rd2 42. Rxe5 Kf7 43. Re3 Rg2 44. Kh4 Rg1 45. Be5 Rg2 46. Bc7 Rg6 47. Kh3 Kf8 48. Rg3 Rh6+ 49. Kg2 Rc6 50. Bf4 Kf7 51. Kf3 Ke6 52. Rg6+ Kd7 53. Rxc6 Kxc6 54. Ke4 b5 55. cxb5+ Kxb5 56. Kd5 c4 57. dxc4+ 1-0


[Site "https://www.chess.com"]

[Event "Titled Tuesday Blitz August 1 Late 2023"]
[White "KrokerGuy"]
[Black "campochess"]
[WhiteElo "2425"]
[BlackElo "2226"]
[Result "1-0"]
[Round "8"]
[TimeControl "180+1"]
[Date "2023.08.01"]
[WhiteClock "0:00:03"]
[BlackClock "0:00:00"]
[Board "99"]

1. e4 c5 2. Nf3 Nc6 3. d4 cxd4 4. Nxd4 e5 5. Nb5 a6 6. Nd6+ Bxd6 7. Qxd6 Qe7 8. Qxe7+ Ngxe7 9. c3 d5 10. exd5 Nxd5 11. Bc4 Be6 12. O-O O-O 13. Bb3 Na5 14. Bc2 Nc4 15. Nd2 Nd6 16. Ne4 Nxe4 17. Bxe4 Rad8 18. Re1 b5 19. a4 Nb6 20. axb5 axb5 21. Ra5 Bc4 22. Be3 Nc8 23. Bc5 Rfe8 24. Bc6 Re6 25. Bxb5 Bxb5 26. Rxb5 f6 27. Kf1 Rc6 28. Ke2 Kf7 29. Rb7+ Kg6 30. b4 Ra6 31. Rd1 Ra2+ 32. Ke1 Rxd1+ 33. Kxd1 Ra8 34. Bf8 Kf5 35. Rxg7 Nb6 36. Bc5 Nc4 37. Kc2 e4 38. Rxh7 Ne5 39. h3 Ra2+ 40. Kb3 Re2 41. Bd4 Nd3 42. g4+ Ke6 43. Rh6 Ne5 44. g5 Nd7 45. g6 Re1 46. Rh4 f5 47. g7 Rg1 48. Rh8 1-0


[Site "https://www.chess.com"]

[Event "Titled Tuesday Blitz August 1 Late 2023"]
[White "Penagalapati, Abhinav"]
[Black "Davidson, Kevin"]
[WhiteFideId "30938210"]
[BlackFideId "2056810"]
[WhiteElo "2194"]
[BlackElo "2414"]
[Result "0-1"]
[Round "8"]
[TimeControl "180+1"]
[Date "2023.08.01"]
[WhiteClock "0:00:00"]
[BlackClock "0:00:16"]
[Board "100"]

1. d4 Nf6 2. Bf4 g6 3. Nc3 Bg7 4. e4 d6 5. Qd2 c6 6. h4 b5 7. f3 b4 8. Nd1 a5 9. Nh3 Bxh3 10. Rxh3 Nbd7 11. a3 c5 12. dxc5 dxc5 13. Bc4 O-O 14. axb4 axb4 15. Rxa8 Qxa8 16. e5 Nh5 17. e6 fxe6 18. Bh6 Qc6 19. Bxg7 Kxg7 20. Qe3 Nf4 21. Rg3 e5 22. Rg4 Qd6 23. Nf2 Nf6 24. Rg5 h6 25. Rg3 Qd4 26. Qxd4 exd4 27. Ne4 Nxe4 28. fxe4 e5 29. Kd2 Ra8 0-1


[Site "https://www.chess.com"]

[Event "Titled Tuesday Blitz August 1 Late 2023"]
[White "Tarnowska, Aleksandra"]
[Black "Rodriguez Fontecha, Marcos"]
[WhiteFideId "1180967"]
[BlackFideId "2256576"]
[WhiteElo "2163"]
[BlackElo "2410"]
[Result "0-1"]
[Round "8"]
[TimeControl "180+1"]
[Date "2023.08.01"]
[WhiteClock "0:00:00"]
[BlackClock "0:00:40"]
[Board "101"]

1. e4 e6 2. d4 d5 3. Nd2 Nf6 4. e5 Nfd7 5. Bd3 c5 6. c3 Nc6 7. Ne2 cxd4 8. cxd4 f6 9. exf6 Qxf6 10. Nf3 h6 11. Ng3 Bd6 12. Nh5 Qf7 13. Nh4 O-O 14. O-O Nf6 15. Bg6 Qc7 16. h3 e5 17. Nf5 Nxh5 18. Qxh5 Bxf5 19. Bxf5 Nxd4 20. Bb1 Qf7 21. Qg4 Qf6 22. Be3 Ne6 23. Bc2 e4 24. Bb3 Qe5 25. g3 h5 26. Qe2 h4 27. f4 exf3 28. Rxf3 d4 29. Qf2 Rxf3 30. Qxf3 dxe3 31. Re1 Rf8 32. Qxe3 Bc5 33. Bxe6+ Kh8 34. Qxc5 Qxc5+ 35. Kh1 Qf2 36. Rc1 hxg3 0-1


[Site "https://www.chess.com"]

[Event "Titled Tuesday Blitz August 1 Late 2023"]
[White "Kubatko, Ivan"]
[Black "Navyblue1"]
[WhiteFideId "24111473"]
[WhiteElo "2400"]
[BlackElo "1960"]
[Result "1-0"]
[Round "8"]
[TimeControl "180+1"]
[Date "2023.08.01"]
[WhiteClock "0:00:11"]
[BlackClock "0:00:00"]
[Board "102"]

1. e4 c5 2. Nc3 d6 3. f4 Nc6 4. Nf3 Nf6 5. h3 g6 6. g4 Bg7 7. Bc4 a6 8. a4 Rb8 9. d3 e6 10. O-O O-O 11. Qe1 d5 12. Bb3 b5 13. axb5 axb5 14. Ba2 d4 15. Ne2 Nb4 16. Bb3 Qb6 17. Bd2 Nc6 18. Kg2 Ne8 19. Ng3 Nd6 20. e5 Ne8 21. Ne4 Ne7 22. Qh4 h6 23. Nf6+ Bxf6 24. exf6 Nd5 25. Bxd5 exd5 26. f5 Qxf6 27. Qxf6 Nxf6 28. Bxh6 Re8 29. Bf4 Rb7 30. fxg6 fxg6 31. Rfe1 Kg7 32. Be5 Kf7 33. Ng5+ Kg7 34. Bxf6+ Kxf6 35. Rxe8 Kxg5 36. Rxc8 c4 37. Rc5 c3 38. Rxd5+ Kf4 39. Rf1+ Ke3 40. Re5+ Kd2 41. Rf2+ Kc1 42. b3 Kb2 43. h4 1-0


[Site "https://www.chess.com"]

[Event "Titled Tuesday Blitz August 1 Late 2023"]
[White "Rottenwohrer Suarez, Juan"]
[Black "MrLudus"]
[WhiteFideId "32068182"]
[WhiteElo "2494"]
[BlackElo "2089"]
[Result "1-0"]
[Round "8"]
[TimeControl "180+1"]
[Date "2023.08.01"]
[WhiteClock "0:00:23"]
[BlackClock "0:00:52"]
[Board "103"]

1. Nf3 c5 2. e3 Nf6 3. c4 b6 4. Nc3 Bb7 5. d4 cxd4 6. exd4 g6 7. d5 Bg7 8. Be2 O-O 9. O-O d6 10. Nd4 Nbd7 11. b4 Rc8 12. b5 Ne5 13. Nc6 Bxc6 14. bxc6 h5 15. Bb2 Qe8 16. Nb5 a6 17. Nd4 e6 18. Qb3 b5 19. cxb5 Nxd5 20. bxa6 Nxc6 21. Nxc6 Qxc6 22. Bxg7 Kxg7 23. Qb7 Qc2 24. Bf3 Rc7 25. Qb5 Nc3 26. Qb6 d5 27. Rac1 Qxc1 28. Rxc1 Ne2+ 29. Bxe2 Rxc1+ 30. Bf1 Ra1 31. Qb2+ 1-0


[Site "https://www.chess.com"]

[Event "Titled Tuesday Blitz August 1 Late 2023"]
[White "Rama, Tejas"]
[Black "Srdanovic, Jovana"]
[WhiteFideId "30907381"]
[BlackFideId "954810"]
[WhiteElo "2421"]
[BlackElo "2344"]
[Result "0-1"]
[Round "8"]
[TimeControl "180+1"]
[Date "2023.08.01"]
[WhiteClock "0:00:01"]
[BlackClock "0:00:56"]
[Board "104"]

1. e4 e5 2. Nf3 Nc6 3. Bc4 Bc5 4. c3 Nf6 5. d3 h6 6. O-O d6 7. Nbd2 a6 8. a4 Ba7 9. Re1 O-O 10. h3 Ne7 11. Nf1 Ng6 12. b4 c6 13. Bb3 Qc7 14. Be3 Bxe3 15. Rxe3 d5 16. Ng3 Be6 17. Qc2 Rfe8 18. Rae1 Rad8 19. exd5 Nxd5 20. R3e2 Ndf4 21. Re3 Bxb3 22. Qxb3 Nxd3 23. Rd1 Ndf4 24. Nf5 Rxd1+ 25. Qxd1 c5 26. Qd6 Qxd6 27. Nxd6 Re7 28. bxc5 Nd5 29. Re2 Nxc3 30. Rc2 Nxa4 31. Rc4 Nb2 32. Rb4 Nd3 33. Rxb7 Nxc5 34. Rb8+ Kh7 35. Rc8 Nd3 36. Nf5 Rd7 37. Ra8 Nb4 38. h4 e4 39. N3d4 Nf4 40. Rb8 a5 41. Ra8 g6 42. g3 Nfd3 0-1


[Site "https://www.chess.com"]

[Event "Titled Tuesday Blitz August 1 Late 2023"]
[White "Polaczek, Richard"]
[Black "Garcia-Castany Musellas, Gal.la"]
[WhiteFideId "200026"]
[BlackFideId "2241803"]
[WhiteElo "2418"]
[BlackElo "2325"]
[Result "1/2-1/2"]
[Round "8"]
[TimeControl "180+1"]
[Date "2023.08.01"]
[WhiteClock "0:00:05"]
[BlackClock "0:00:16"]
[Board "105"]

1. d4 Nf6 2. Bg5 Ne4 3. Bf4 c5 4. f3 Nf6 5. dxc5 Qa5+ 6. Qd2 Qxd2+ 7. Nxd2 Na6 8. Nb3 Nd5 9. Bd2 e6 10. e4 Ndb4 11. O-O-O Nxa2+ 12. Kb1 N2b4 13. Be3 Rb8 14. c3 Nc6 15. Ne2 b6 16. cxb6 axb6 17. Ned4 Nc5 18. Nxc6 dxc6 19. Nd4 Bd7 20. b4 Na4 21. Kc2 c5 22. Bf4 Ra8 23. Nb5 Rc8 24. Nd6+ Bxd6 25. Bxd6 cxb4 26. Bxb4 Nc5 27. Be2 Bc6 28. Rd6 Ke7 29. Rhd1 Rhd8 30. Bxc5 bxc5 31. Rxd8 Rxd8 32. Rxd8 Kxd8 33. Kb3 Kc7 34. Bc4 Kb6 35. Kc2 Bb5 36. Kb3 Bxc4+ 37. Kxc4 Kc6 38. e5 f6 39. f4 fxe5 40. fxe5 g6 41. g3 h6 42. g4 g5 43. h3 Kb6 44. Kb3 Kb5 45. c4+ Ka5 46. Ka3 Kb6 47. Ka4 Ka6 48. Kb3 Kb6 49. Ka4 Ka6 50. Kb3 Kb6 51. Ka4 1/2-1/2


[Site "https://www.chess.com"]